 Dungeon Crawl Stone Soup version 0.29.1-12-g30fa7ad0bf (webtiles) character file.

Game seed: 13585040873468584726

6444 bnorton916 the Destroyer (level 10, -10/50 HPs)
             Began as a Deep Elf Fire Elementalist on Dec 26, 2022.
             Was an Initiate of Gozag.
             Mangled by a two-headed ogre
             ... wielding a +0 giant spiked club
              (21 damage)
             ... on level 8 of the Dungeon on Dec 27, 2022.
             The game lasted 00:22:24 (16111 turns).

bnorton916 the Destroyer (DEFE)                    Turns: 16111, Time: 00:22:24

Health: -10/50     AC:  7    Str:  5    XL:     10   Next: 67%
Magic:  16/21      EV: 12    Int: 25    God:    Gozag
Gold:   1048       SH:  0    Dex: 15    Spells: 6/21 levels left

rFire   + . .      SeeInvis .   O - staff of fire
rCold   . . .      Faith    .   (no shield)
rNeg    . . .      Spirit   .   q - +2 robe {Archmagi}
rPois   .          Reflect  .   x - +0 helmet
rElec   .          Harm     .   N - +0 cloak
rCorr   .          Rampage  .   (no gloves)
Will    +....      Archmagi +   i - +0 pair of boots
Stlth   ++........              K - amulet of the acrobat
HPRegen 0.16/turn               (no ring)
MPRegen 0.17/turn               (no ring)

@: no status effects
A: no striking features
a: Renounce Religion, Potion Petition, Call Merchant, Bribe Branch


You were on level 8 of the Dungeon.
You worshipped Gozag.
Gozag was most pleased with you.
You visited 2 branches of the dungeon, and saw 9 of its levels.
You also visited: Sewer.

You collected 1197 gold pieces.
You spent 88 gold pieces at shops.
You paid 61 gold pieces to Gozag.

Inventory:

Hand Weapons
 n - a +3 whip
 z - a +1 vampiric hand axe
 E - a +0 dagger of venom
Missiles
 p - 51 poisoned darts
 v - a throwing net
 w - 5 atropa-tipped darts
 F - 2 curare-tipped darts
Armour
 a - a +0 robe
 i - a +0 pair of boots (worn)
 j - a +0 buckler
 q - a +2 robe of the Archmagi (worn)
 x - a +0 helmet (worn)
 A - a +3 leather armour
 N - a +0 cloak (worn)
Magical Staves
 O - a staff of fire (weapon)
Jewellery
 J - an amulet of regeneration
 K - an amulet of the acrobat (around neck)
Wands
 D - a wand of roots (11)
 I - a wand of digging (5)
Scrolls
 c - a scroll of fear
 h - 2 scrolls of teleportation
 l - a scroll of enchant armour
 o - a scroll of vulnerability {unknown}
 r - a scroll of blinking {unknown}
 u - 3 scrolls of brand weapon
 y - 3 scrolls of noise
 B - a scroll of torment
 H - 2 scrolls of enchant weapon
 L - a scroll of identify
 M - 2 scrolls of amnesia {unknown}
Potions
 b - 4 potions of magic
 d - a potion of attraction
 e - 4 potions of curing
 f - a potion of flight
 g - a potion of resistance
 k - 3 potions of mutation
 m - 4 potions of haste
 s - 2 potions of heal wounds
 t - a potion of ambrosia
 C - 2 potions of brilliance
 G - 4 potions of degeneration
 P - a potion of cancellation {unknown}


   Skills:
 - Level 1.7 Armour
 - Level 2.4 Dodging
 - Level 2.4 Stealth
 - Level 6.3 Spellcasting
 + Level 12.8 Conjurations
 - Level 0.5 Summonings
 - Level 7.6 Translocations
 - Level 5.7 Fire Magic
 - Level 6.2 Earth Magic


You had 6 spell levels left.
You knew the following spells:

 Your Spells              Type           Power      Damage    Failure   Level
a - Foxfire               Conj/Fire      100%       2x1d9     1%          1
b - Scorch                Fire           100%       2d10      1%          2
c - Sandblast             Erth           100%       2d20      1%          1
d - Summon Small Mammal   Summ           64%        N/A       6%          1
e - Iskenderun's Mystic   Conj/Tloc      73%        2d15      1%          4
f - Stone Arrow           Conj/Erth      100%       3d13      1%          3
g - Conjure Flame         Conj/Fire      89%        6-21      1%          3

Your spell library contained the following spells:

 Spells                   Type           Power      Damage    Failure   Level
 Static Discharge         Conj/Air       56%        3-10/arc  1%          2
 Dazzling Flash           Conj/Hex       100%       N/A       1%          3
 Gell's Gravitas          Tloc           62%        N/A       1%          3
 Lesser Beckoning         Tloc           62%        N/A       1%          3
 Teleport Other           Tloc           62%        N/A       1%          3
 Flame Wave               Conj/Fire      89%        2d19      1%          4
 Passwall                 Tmut/Erth      29%        N/A       3%          2
 Inner Flame              Hex/Fire       50%        N/A       7%          3
 Ensorcelled Hibernation  Hex/Ice        22%        N/A       11%         2
 Lightning Bolt           Conj/Air       28%        1d44      14%         5
 Call Canine Familiar     Summ           16%        N/A       17%         3
 Summon Guardian Golem    Hex/Summ       13%        N/A       19%         3
 Swiftness                Air            11%        N/A       22%         3
 Starburst                Conj/Fire      44%        6d12      24%         6
 Maxwell's Capacitive Co  Air            5%         ∞         100%        8


Dungeon Overview and Level Annotations

Branches:
Dungeon (8/15)             Temple (1/1) D:5            Lair (0/5) D:8
  Sewer (visited)

Altars:
Ashenzari
Cheibriados
Dithmenos
Elyvilon
Gozag
Makhleb
Nemelex Xobeh
Qazlal
Sif Muna
Trog
Uskayaw
Wu Jian
Xom
Yredelemnul
Zin

Shops:
D:1 ?

Annotations:
D:7 2 transporters


Message History

Casting: Scorch (safe; 1% risk of failure)
Confirm with . or Enter, or press ? or * to list all spells.
You feel a strong surge of power!
You conjure some foxfire!
The foxfire hits the orc priest!
The orc priest is heavily wounded.
The orc priest invokes the aid of Beogh against you.
Beogh smites you!
You hear an angry hiss.
Casting: Foxfire (safe; 1% risk of failure)
Confirm with . or Enter, or press ? or * to list all spells.
You feel a strong surge of power!
You conjure some foxfire!
The foxfire hits the orc priest!
You kill the orc priest!
A two-headed ogre comes into view.
It is wielding a +0 giant spiked club and a +0 giant club.
The foxfire hits the two-headed ogre.
The two-headed ogre is lightly wounded.
The foxfire hits the two-headed ogre!
The two-headed ogre is moderately wounded.
Casting: Foxfire (safe; 1% risk of failure)
Confirm with . or Enter, or press ? or * to list all spells.
You feel a strong surge of power!
The fire begins to smoulder!
You smother the flame.
Casting: Conjure Flame (safe; 1% risk of failure)
Confirm with . or Enter, or press ? or * to list all spells.
You feel a strong surge of power!
You conjure some foxfire!
The foxfire hits the two-headed ogre.
The two-headed ogre is moderately wounded.
The foxfire hits the two-headed ogre.
The two-headed ogre is moderately wounded.
Casting: Foxfire (safe; 1% risk of failure)
Confirm with . or Enter, or press ? or * to list all spells.
You feel a strong surge of power!
Flames lash the two-headed ogre.
The two-headed ogre is heavily wounded.
The two-headed ogre's fire resistance burns away.
The two-headed ogre hits you with a +0 giant spiked club!!
Ouch! That really hurt!
* * * LOW HITPOINT WARNING * * *
The two-headed ogre hits you with a +0 giant club!!
You die...
Your body crumbles into a pile of gold.

#####...##.....
....#..#...##.##
.......#.......
###.......##.#.##
.##...##.#...#..#
.....#...#......#
.....#......##..#
.......###.#....##
.#..##.#...#....@#
...#...#..)...##O#
.#.#......##.#...#
......##.#...#.###
..##.#...#.....#
.#...#...O.#####
.#......##.#
.O.##......#
)..####.####


You could see a two-headed ogre (combustible).

Vanquished Creatures
  Erica (D:8)
  A two-headed ogre (D:8)
  2 komodo dragons
  Sigmund (D:6)
  Eustachio (D:6)
  A steam dragon (D:7)
  Edmund (D:5)
  4 water moccasins
  2 orc warriors (D:7)
  A sky beast (D:7)
  2 ice beasts
  4 black bears
  2 ogres
  A centaur (D:7)
  8 kobold brigands
  5 bullfrogs
  2 necrophages
  A scorpion (D:6)
  9 wights
  3 howler monkeys (D:7)
  A hound (D:7)
  7 orc priests
  2 gnoll boudas (D:6)
  2 jellies
  Jessica (D:2)
  An iguana (D:6)
  9 orc wizards
  15 gnolls
  2 river rats (Sewer)
  11 adders
  2 shadow imps
  2 white imps
  An ufetubus (D:7)
  9 worms
  4 dart slugs
  42 orcs
  5 ball pythons
  10 bats
  7 endoplasms
  2 giant cockroaches (D:3)
  7 goblins
  6 hobgoblins
  2 jackals (D:1)
  4 quokkas
  6 frilled lizards
  15 kobolds
  10 rats
237 creatures vanquished.

Vanquished Creatures (others)
  5 dream sheep (D:5)
  710 foxfires
  35 fungi (D:8)
  45 plants (D:8)
795 creatures vanquished.

Grand Total: 1032 creatures vanquished

Notes
Turn   | Place    | Note
-------+----------+-------------------------------------------
     0 | D:1      | bnorton916 the Deep Elf Fire Elementalist began the quest
                  | for the Orb.
     0 | D:1      | Reached XP level 1. HP: 10/10 MP: 6/6
   250 | D:1      | Reached XP level 2. HP: 15/15 MP: 2/8
   300 | D:1      | Found Facs's Magic Scroll Shop.
   386 | D:1      | Found a faded altar of an unknown god.
   802 | D:1      | Reached skill level 2 in Conjurations
  1198 | D:2      | Reached XP level 3. HP: 19/19 MP: 7/10
  1201 | D:2      | Learned a level 2 spell: Scorch
  1303 | D:2      | Noticed Jessica
  1306 | D:2      | Killed Jessica
  1636 | D:2      | Reached XP level 4. HP: 24/24 MP: 9/12
  2150 | D:3      | Reached skill level 3 in Conjurations
  2207 | D:3      | Found a shadowy altar of Dithmenos.
  2313 | D:3      | Reached XP level 5. HP: 28/28 MP: 11/14
  2551 | D:3      | Learned a level 4 spell: Iskenderun's Mystic Blast
  2645 | D:3      | Found a glowing drain.
  2705 | Sewer    | Entered a sewer
  2713 | Sewer    | Learned a level 1 spell: Summon Small Mammal
  2778 | Sewer    | Reached skill level 5 in Spellcasting
  2778 | Sewer    | Reached skill level 1 in Translocations
  2854 | Sewer    | Reached skill level 5 in Fire Magic
  2854 | Sewer    | Reached XP level 6. HP: 32/32 MP: 9/16
  3125 | Sewer    | Reached skill level 4 in Conjurations
  3674 | Sewer    | Reached XP level 7. HP: 36/36 MP: 11/18
  3977 | D:3      | Learned a level 1 spell: Sandblast
  5607 | D:4      | Reached skill level 5 in Conjurations
  5857 | D:4      | Reached skill level 1 in Armour
  6135 | D:5      | Entered Level 5 of the Dungeon
  6258 | D:4      | Reached XP level 8. HP: 27/41 MP: 13/19
  6854 | D:5      | Reached skill level 1 in Earth Magic
  7700 | D:5      | Found a staircase to the Ecumenical Temple.
  7709 | Temple   | Entered the Ecumenical Temple
  7719 | Temple   | Became a worshipper of Gozag Ym Sagoz the Greedy
  7868 | D:1      | Bought a scroll of identify for 22 gold pieces
  7868 | D:1      | Bought a scroll of identify for 22 gold pieces
  7868 | D:1      | Bought a scroll of identify for 22 gold pieces
  7868 | D:1      | Bought a scroll of identify for 22 gold pieces
  8172 | D:5      | Noticed Edmund
  8181 | D:5      | Killed Edmund
  8182 | D:5      | Reached skill level 6 in Conjurations
  8182 | D:5      | Reached skill level 5 in Translocations
  8781 | D:5      | Noticed a dream sheep
  8781 | D:5      | Noticed a dream sheep
  8781 | D:5      | Noticed a dream sheep
  8781 | D:5      | Noticed a dream sheep
  8781 | D:5      | Noticed a dream sheep
  8781 | D:5      | Found a shimmering altar of Xom.
  8785 | D:5      | Killed a dream sheep
  8785 | D:5      | Killed a dream sheep
  8787 | D:5      | Killed a dream sheep
  8787 | D:5      | Killed a dream sheep
  8787 | D:5      | Killed a dream sheep
  9266 | D:6      | Noticed Eustachio
  9305 | D:6      | Killed Eustachio
  9700 | D:6      | Reached skill level 7 in Conjurations
 10207 | D:6      | Reached XP level 9. HP: 45/45 MP: 16/20
 10715 | D:6      | Noticed Sigmund
 10723 | D:6      | Killed Sigmund
 10724 | D:6      | Reached skill level 5 in Earth Magic
 11088 | D:6      | Found a glowing silver altar of Zin.
 11903 | D:7      | Found a transporter.
 11924 | D:7      | Found a transporter.
 11928 | D:7      | Noticed a cyan ugly thing
 11928 | D:7      | Noticed a boulder beetle
 11934 | D:7      | Found a basalt altar of Yredelemnul.
 11956 | D:7      | Reached skill level 8 in Conjurations
 12864 | D:7      | Learned a level 3 spell: Stone Arrow
 12976 | D:7      | Reached skill level 9 in Conjurations
 13318 | D:7      | Found a white marble altar of Elyvilon.
 13847 | D:8      | Reached XP level 10. HP: 50/50 MP: 16/21
 13854 | D:8      | Reached skill level 10 in Conjurations
 15075 | D:8      | Reached skill level 11 in Conjurations
 15170 | D:8      | Found a staircase to the Lair.
 15202 | D:8      | Noticed Erica
 15216 | D:8      | Killed Erica
 15217 | D:8      | Reached skill level 12 in Conjurations
 15573 | D:8      | Noticed a two-headed ogre
 15637 | D:8      | Learned a level 3 spell: Conjure Flame
 15681 | D:8      | Killed a two-headed ogre
 16087 | D:8      | Noticed a two-headed ogre
 16111 | D:8      | Mangled by a two-headed ogre

Illustrated notes

Levels and vault maps discovered:
D:1:      lemuel_arrival_tunnels, layout_loops_ring,
          hellmonk_ecumenical_altar_blasted, serial_shops,
          nicolae_lakefront_shop
D:2:      layout_rooms, kennysheep_generic_room_7, uniq_jessica
D:3:      layout_basic, grunt_dithmenos_smoke_and_mirrors, portal_sewer_entry_c
D:4:      layout_loops_ring
D:5:      layout_basic, kb_xom_exploding_sheep,
          minmay_temple_entry_statues_pillars, uniq_edmund
D:6:      layout_cave_pools, zin_treasury, nrook_pool_corridor,
          minmay_starry_boxes, uniq_eustachio, uniq_sigmund
D:7:      layout_basic, gammafunk_temple_overflow_arena, elyvilon_altar_3,
          hangedman_decor_diamond_cutter
D:8:      layout_loops_cross, due_lair_maze_entry_diamond,
          hangedman_decor_points, st_stairs_13, minmay_alternating_orb,
          uniq_erica
Temple:   compressed_dpeg_triangle_lava_temple

Skill      XL: |  1  2  3  4  5  6  7  8  9 10 |
---------------+-------------------------------+-----
Conjurations   | 2 3 4 5 7 9 12 | 12.8
Spellcasting   | 4 5 6 |  6.3
Fire Magic     | 4 5 |  5.7
Translocations | 1 2 4 6 7 |  7.6
Armour         | 1 |  1.7
Earth Magic    | 4 6 |  6.2
Dodging        | |  2.4
Stealth        | |  2.4
Summonings     | |  0.5

Action                   |  1- 3 |  4- 6 |  7- 9 | 10-12 || total
-------------------------+-------+-------+-------+-------++-------
Melee: Whip              |       |       |     6 |       ||     6
       Staff             |       |       |       |     1 ||     1
Throw: Dart              |       |       |     4 |       ||     4
 Cast: Foxfire           |    72 |    95 |   233 |    34 ||   434
       Scorch            |       |    16 |    86 |    24 ||   126
       Sandblast         |       |       |     6 |     4 ||    10
       Iskenderun's Myst |       |       |    13 |    11 ||    24
       Summon Small Mamm |       |       |     3 |       ||     3
       Conjure Flame     |       |       |       |     2 ||     2
  Use: Scroll            |       |       |    18 |       ||    18
       Potion            |       |       |     2 |       ||     2
Armor: Robe              |     1 |       |    24 |     6 ||    31
Dodge: Dodged            |     1 |     5 |    91 |    23 ||   120
